 Dungeon Crawl Stone Soup version 0.21-a0-621-gc60411f (webtiles) character file.

1512 Amnesiac the Changer (level 8, -4/54 HPs)
             Began as an Octopode Transmuter on Dec 23, 2017.
             Was an Initiate of Okawaru.
             Slain by a hippogriff (5 damage)
             ... on level 7 of the Dungeon.
             The game lasted 00:07:36 (5896 turns).

Amnesiac the Changer (Octopode Transmuter)          Turns: 5896, Time: 00:07:37

Health: -4/54      AC:  2    Str:  9    XL:     8   Next: 83%
Magic:  20/23      EV: 23    Int: 15    God:    Okawaru [......]
Gold:   364        SH:  0    Dex: 20    Spells: 9/15 levels left

rFire    . . .     SeeInvis .     - Unarmed
rCold    . . .     Gourm    .   (shield currently unavailable)
rNeg     . . .     Faith    .   (helmet currently unavailable)
rPois    x         Spirit   .   (no amulet)
rElec    .         Reflect  .   e - ring of protection from magic
rCorr    .         Harm     .   i - ring of loudness (curse)
MR       +....                  r - ring of magical power
Stlth    +.........             (no ring)
HPRegen  0.18/turn              (no ring)
MPRegen  0.18/turn              (no ring)
                                (no ring)
                                (no ring)

@: spider-form (expiring)
A: tiny, almost no armour, stealthy swim, (amphibious), 8 rings, (constrict 8)
a: End Transformation, Renounce Religion


You were on level 7 of the Dungeon.
You worshipped Okawaru.
Okawaru was noncommittal.
You were very hungry.
You were a venomous arachnid creature.
You visited 2 branches of the dungeon, and saw 8 of its levels.

You collected 364 gold pieces.

Inventory:

Missiles
 a - 150 arrows
 m - 190 stones (quivered)
 n - 4 javelins
 t - 5 poisoned needles
Jewellery
 e - a ring of protection from magic (left front leg)
 i - a cursed ring of loudness (right front leg)
 r - a ring of magical power (on tentacle)
Wands
 y - a wand of flame (20)
Scrolls
 f - a scroll of blinking {!r}
 h - 3 scrolls of enchant armour {!r, unknown}
 j - 2 scrolls of teleportation {!r, unknown}
 k - a scroll of enchant weapon {!r, unknown}
 q - a scroll of identify {!r}
 u - a scroll of immolation {!r, unknown}
 v - a scroll of magic mapping {!r}
 x - a scroll of remove curse {!r}
Potions
 d - 5 potions of brilliance {!q}
 l - a potion of heal wounds {!q, unknown}
 o - a potion of flight {!q}
 p - a potion of magic {!q, unknown}
 s - a potion of resistance {!q}
 w - a potion of invisibility {!q, unknown}
 z - a potion of might {!q}
 B - a potion of cancellation {!q, unknown}
Books
 b - a book of Changes

   Spells                             Type                      Level
   a - Beastly Appendage              Transmutation                1
   b - Sticks to Snakes               Transmutation                2
   c - Spider Form                    Transmutation/Poison         3
   d - Ice Form                       Ice/Transmutation            4
   e - Blade Hands                    Transmutation                5
Comestibles
 c - 14 rations


   Skills:
 + Level 4.3 Fighting
 + Level 4.2 Dodging
 * Level 6.2 Unarmed Combat
 + Level 4.0 Spellcasting
 * Level 6.2 Transmutations


You had 9 spell levels left.
You knew the following spells:

 Your Spells              Type           Power        Failure   Level  Hunger
a - Beastly Appendage     Tmut           ###...       6%          1    None
b - Sticks to Snakes      Tmut           ###.....     8%          2    ##.....
e - Spider Form           Tmut/Pois      ##........   34%         3    ###....


Dungeon Overview and Level Annotations

Branches:
Dungeon (7/15)             Temple (1/1) D:6

Altars:
Ashenzari
Cheibriados
Dithmenos
Elyvilon
Fedhas
Gozag
Hepliaklqana
Kikubaaqudgha
Makhleb
Nemelex Xobeh
Okawaru
Qazlal
Ru
Sif Muna
Trog
Uskayaw
Vehumet
Wu Jian
Xom
Yredelemnul
Zin


Innate Abilities, Weirdness & Mutations

You cannot wear most types of armour.
You are very stealthy in the water. (Stealth+)
((You are amphibious.))
You can wear up to eight rings at the same time.
((You can use your tentacles to constrict eight enemies at once.))
((Your skin changes colour to match your surroundings (Stealth+).))
((Your rubbery body absorbs attacks. (AC +1, EV +1)))


Message History

You barely miss the hippogriff. The hippogriff bites you!
The hippogriff completely misses you. The hippogriff closely misses you.
The bullfrog hits you!
You bite the hippogriff!
The hippogriff is poisoned.
The hippogriff is moderately wounded.
The bullfrog completely misses you. The hippogriff closely misses you.
The hippogriff completely misses you. The hippogriff closely misses you.
The bullfrog misses you. The bullfrog hits you.
* * * LOW HITPOINT WARNING * * *
The bullfrog closely misses you.
You closely miss the bullfrog. The bullfrog completely misses you.
The bullfrog misses you.
You hit the bullfrog but do no damage.
Your transformation is almost over.
The bullfrog misses you. The hippogriff completely misses you.
The hippogriff pecks you but does no damage.
The hippogriff misses you. The bullfrog hits you.
* * * LOW HITPOINT WARNING * * *
The bullfrog closely misses you. The bullfrog closely misses you.
You closely miss the bullfrog. The bullfrog hits you.
* * * LOW HITPOINT WARNING * * *
You bite the bullfrog!
The bullfrog is heavily wounded.
The bullfrog completely misses you.
You hit the bullfrog.
The bullfrog is severely wounded.
The bullfrog hits you.
* * * LOW HITPOINT WARNING * * *
You closely miss the bullfrog.
The bullfrog is severely wounded.
The bullfrog completely misses you. The bullfrog hits you!
* * * LOW HITPOINT WARNING * * *
You bite the bullfrog!
You kill the bullfrog!
Okawaru accepts your kill.
Your Spellcasting skill increases to level 4!
You hit the hippogriff.
The hippogriff looks even sicker.
The hippogriff is severely wounded.
The hippogriff misses you. The hippogriff pecks you!
* * * LOW HITPOINT WARNING * * *
The hippogriff closely misses you.
Your transformation has ended.
Really quaff
g - 2 potions of curing {!q}?
You feel better. The hippogriff bites you!
* * * LOW HITPOINT WARNING * * *
The hippogriff barely misses you. The hippogriff closely misses you.
Really quaff
g - a potion of curing {!q}?
You feel better. The hippogriff closely misses you. The hippogriff pecks you.
* * * LOW HITPOINT WARNING * * *
The hippogriff claws you.
* * * LOW HITPOINT WARNING * * *
Casting: Spider Form
Confirm with . or Enter, or press ? or * to list all spells.
You turn into a venomous arachnid creature.
The hippogriff misses you. The hippogriff pecks you!
* * * LOW HITPOINT WARNING * * *
The hippogriff barely misses you.
Unknown command.
You barely miss the hippogriff.
The hippogriff is severely wounded.
The hippogriff completely misses you. The hippogriff pecks you.
You die...

#........#
#<......<#
#......[.###
#(.........###
#............#####
#........#...†...#
#........#####.###
#.......## #.H.#
#.......# ###s#
#....(..###### ###
##.............
#.......#####.#
..##### #(........
#......
#.......#.# #
##......#.# #
#....... [ #
#..$....! .


You could see a hippogriff.

Vanquished Creatures
  Grinder (D:6)
  2 ice beasts (D:4)
  A necrophage (D:6)
  2 sky beasts (D:5)
  An ogre (D:5)
  A centaur (D:5)
  A bullfrog (D:7)
  A scorpion (D:6)
  A howler monkey (D:5)
  The ghost of tidbits the Caller, a weakling GnSu (D:4)
  2 crimson imps (D:5)
  2 orc priests
  A hound (D:6)
  A bullfrog skeleton (D:4)
  2 iguanas
  4 worker ants
  3 gnolls (D:3)
  6 adders
  An ooze (D:5)
  3 worms
  2 dart slugs
  2 leopard geckos
  22 orcs
  3 ball pythons
  4 bats
  5 giant cockroaches
  9 goblins
  A hobgoblin (D:1)
  9 jackals
  9 kobolds
  2 quokkas
  10 frilled lizards
  6 rats
121 creatures vanquished.

Notes
Turn   | Place    | Note
-------+----------+-------------------------------------------
     0 | D:1      | Amnesiac the Octopode Transmuter began the quest for the Orb.
     0 | D:1      | Reached XP level 1. HP: 13/13 MP: 3/3
   104 | D:1      | Reached XP level 2. HP: 11/18 MP: 5/5
   108 | D:1      | Learned a level 2 spell: Sticks to Snakes
   602 | D:1      | Reached XP level 3. HP: 24/24 MP: 6/6
   607 | D:1      | Learned a level 3 spell: Spider Form
   773 | D:2      | Found a shimmering altar of Xom.
   773 | D:2      | Found a shimmering altar of Xom.
   773 | D:2      | Found a shimmering altar of Xom.
   793 | D:2      | Found a shimmering altar of Xom.
   793 | D:2      | Found a shimmering altar of Xom.
  1205 | D:2      | Reached XP level 4. HP: 26/29 MP: 7/7
  1537 | D:3      | Found a stormy altar of Qazlal.
  1537 | D:3      | Noticed an air elemental
  1538 | D:3      | Noticed a water elemental
  1538 | D:3      | Noticed an earth elemental
  1538 | D:3      | Noticed a fire elemental
  2018 | D:3      | Reached XP level 5. HP: 35/35 MP: 8/8
  2202 | D:4      | Noticed an ice beast
  2228 | D:4      | Killed an ice beast
  2228 | D:4      | Reached XP level 6. HP: 27/41 MP: 9/9
  2261 | D:4      | Noticed an ice beast
  2331 | D:4      | Noticed tidbits's ghost (weakling GnSu)
  2619 | D:4      | Killed tidbits's ghost
  2722 | D:4      | Killed an ice beast
  2722 | D:4      | Reached XP level 7. HP: 12/46 MP: 11/11
  2929 | D:4      | Found a shadowy altar of Dithmenos.
  3125 | D:5      | Entered Level 5 of the Dungeon
  3170 | D:5      | Reached skill level 5 in Transmutations
  3388 | D:5      | Reached skill level 5 in Unarmed Combat
  4139 | D:5      | Reached XP level 8. HP: 26/54 MP: 13/13
  4969 | D:6      | Found a staircase to the Ecumenical Temple.
  4993 | Temple   | Entered the Ecumenical Temple
  5038 | Temple   | Became a worshipper of Warmaster Okawaru
  5328 | D:6      | Noticed Grinder
  5354 | D:6      | Killed Grinder
  5864 | D:7      | Noticed a hippogriff
  5895 | D:7      | HP: 1/54 [hippogriff (7)]
  5896 | D:7      | Slain by a hippogriff

Vault maps used:
D:1:      dpeg_arrival_oval
D:2:      first_ration, xom_redecorated
D:3:      nicolae_qazlal_style_of_elements
D:4:      grunt_dithmenos_smoke_and_mirrors
D:6:      minmay_temple_entry_water_ring, grunt_decor_arrowhead, uniq_grinder
D:7:      cheibrodos_steamvent, grunt_livestock
Temple:   grunt_wide_crystal_templ

Skill      XL: |  1  2  3  4  5  6  7  8 |
---------------+-------------------------+-----
Fighting       | 2 3 4 |  4.3
Transmutations | 3 4 5 6 |  6.2
Unarmed Combat | 4 5 6 |  6.2
Dodging        | 3 4 |  4.2
Spellcasting   | 3 4 |  4.0

Action                   |  1- 3 |  4- 6 |  7- 9 || total
-------------------------+-------+-------+-------++-------
Melee: Unarmed           |    78 |   110 |   157 ||   345
       Constrict         |    19 |    18 |    20 ||    57
       Tentacles         |    13 |    10 |    18 ||    41
       Punch             |     3 |     1 |     1 ||     5
Throw: Stone             |    14 |    13 |    15 ||    42
       Tomahawk          |       |    31 |    48 ||    79
 Cast: Spider Form       |       |     6 |    13 ||    19
       Sticks to Snakes  |       |       |     2 ||     2
  Use: Scroll            |     5 |     2 |       ||     7
       Potion            |     1 |     1 |     6 ||     8
 Stab: Sleeping          |     3 |     1 |       ||     4
  Eat: Chunk             |     1 |     5 |    11 ||    17
Armor: Skin              |     8 |     2 |     7 ||    17
Dodge: Dodged            |    37 |    78 |   129 ||   244

Table legend:
 A = Spawn XP
 B = Non-spawn XP
 C = Spawn XP percentage of total XP
 D = Spawn monster count
 E = Non-spawn monster count
 F = Spawn count percentage of total count
 G = Total turns spent on level
                    A         B        C        D         E        F      G
               +---------+---------+-------+---------+---------+-------+---------
         Total |       0 |    2161 |   0.0 |       0 |     121 |   0.0 |  5896
               +---------+---------+-------+---------+---------+-------+---------
           D:1 |       0 |      36 |   0.0 |       0 |      22 |   0.0 |   765
           D:2 |       0 |      55 |   0.0 |       0 |      16 |   0.0 |   768
           D:3 |       0 |      79 |   0.0 |       0 |      17 |   0.0 |   790
           D:4 |       0 |     562 |   0.0 |       0 |      25 |   0.0 |  1302
           D:5 |       0 |     759 |   0.0 |       0 |      20 |   0.0 |  1338
           D:6 |       0 |     572 |   0.0 |       0 |      15 |   0.0 |   803
           D:7 |       0 |      98 |   0.0 |       0 |       6 |   0.0 |    67
               +---------+---------+-------+---------+---------+-------+---------
